Map: Proxima Station LE

Players

NORTHAMERICA - Winner!

  • Race: Protoss Protoss
  • League: Grandmaster
  • Spawn Location: 1:00

llllllllllll

  • Race: Protoss Protoss
  • League: Grandmaster
  • Spawn Location: 7:00

VOD

Have the link to the VOD?

Description

Time

  • Played on: April 14, 2017, 12:48 a.m.
  • Length: 7:29
Show
View Real Time Build Order
Export as new Build Order

NORTHAMERICA Protoss - Winner!

Build Orders: Oracle Opening 

Get SALT Encoding   

  12  0:01  Probe (Chrono Boost)  
  13  0:11  Probe (Chrono Boost)  
  14  0:18  Pylon  
  14  0:22  Probe (Chrono Boost)  
  15  0:37  Probe (Chrono Boost)  
  15  0:41  Gateway  
  16  0:47  Probe (Chrono Boost)  
  16  0:49  Assimilator  
  17  0:55  Assimilator  
  17  0:58  Probe (Chrono Boost)  
  18  1:08  Probe (Chrono Boost)  
  19  1:19  Probe (Chrono Boost)  
  20  1:30  Cybernetics Core, Probe (Chrono Boost)  
  20  1:32  Pylon  
  21  1:40  Probe (Chrono Boost)  
  22  1:51  Probe (Chrono Boost)  
  24  2:06  Stargate  
  24  2:07  Mothership Core (Chrono Boost)  
  25  2:25  Probe (Chrono Boost)  
  26  2:32  Nexus  
  26  2:45  Oracle, Probe (Chrono Boost)  
  26  2:47  Pylon  
  29  2:57  Warp Gate  
  30  3:00  Probe (Chrono Boost)  
  30  3:12  Probe (Chrono Boost)  
  31  3:19  Oracle  
  31  3:24  Probe (Chrono Boost)  
  35  3:27  Stalker  
  37  3:36  Probe (Chrono Boost)  
  37  3:40  Robotics Facility  
  38  3:46  Probe (Chrono Boost)  
  40  3:48  Probe (Chrono Boost)  
  39  3:56  Probe (Chrono Boost)  
  39  4:00  Probe (Chrono Boost)  
  38  4:07  Probe (Chrono Boost)  
  34  4:11  Probe (Chrono Boost)  
  35  4:18  Probe (Chrono Boost)  
  35  4:22  Probe (Chrono Boost)  
  37  4:28  Probe (Chrono Boost)  
  37  4:29  Observer, Gateway  
  39  4:32  Probe (Chrono Boost)  
  40  4:39  Probe (Chrono Boost)  
  40  4:43  Probe (Chrono Boost)  
  42  4:48  Immortal  
  42  4:49  Probe (Chrono Boost)  
  47  4:54  Void Ray  
  47  4:56  Probe (Chrono Boost)  
  47  4:59  Assimilator  
  53  5:00  Probe (Chrono Boost)  
  53  5:02  Assimilator  
  53  5:03  Pylon  
  54  5:08  Probe (Chrono Boost)  
  54  5:11  Pylon  
  56  5:21  Probe (Chrono Boost)  
  56  5:22  Probe (Chrono Boost)  
  56  5:25  Immortal, Pylon  
  56  5:34  Probe (Chrono Boost)  
  56  5:35  Probe (Chrono Boost)  
  62  5:38  Stargate  
  62  5:41  Void Ray  
  62  5:46  Probe (Chrono Boost)  
  62  5:47  Probe (Chrono Boost)  
  69  5:58  Probe (Chrono Boost), Pylon  
  69  5:59  Probe (Chrono Boost)  
  69  6:00  Immortal  
  70  6:10  Probe (Chrono Boost)  
  70  6:11  Probe (Chrono Boost)  
  76  6:12  Pylon  
  76  6:15  Pylon  
  76  6:22  Probe (Chrono Boost)  
  77  6:26  Void Ray, Adept x2  
  85  6:38  Probe (Chrono Boost)  
  86  6:40  Pylon  
  86  6:47  Immortal  
  90  6:54  Sentry  
  90  6:55  Adept  
  98  7:03  Probe (Chrono Boost)  
  98  7:04  Gateway  
  91  7:16  Adept  
Show
View Real Time Build Order
Export as new Build Order

llllllllllll Protoss 

Build Orders: 1 Gate Expand, Blink Stalkers 

Get SALT Encoding   

  12  0:02  Probe (Chrono Boost)  
  13  0:12  Probe (Chrono Boost)  
  14  0:23  Pylon, Probe (Chrono Boost)  
  15  0:41  Probe (Chrono Boost), Gateway  
  16  0:47  Assimilator  
  16  0:52  Probe (Chrono Boost)  
  17  1:00  Pylon  
  17  1:02  Probe (Chrono Boost)  
  18  1:13  Probe (Chrono Boost)  
  19  1:30  Nexus  
  19  1:32  Probe (Chrono Boost)  
  20  1:43  Cybernetics Core  
  20  1:45  Probe (Chrono Boost)  
  21  1:50  Assimilator  
  21  1:55  Probe (Chrono Boost)  
  22  2:17  Warp Gate  
  22  2:20  Mothership Core (Chrono Boost)  
  24  2:25  Pylon  
  24  2:27  Stalker  
  26  2:38  Probe (Chrono Boost)  
  26  2:42  Probe (Chrono Boost)  
  28  2:49  Probe (Chrono Boost)  
  29  2:53  Stalker, Probe (Chrono Boost)  
  29  2:57  Twilight Council  
  32  3:01  Probe (Chrono Boost)  
  32  3:05  Probe (Chrono Boost)  
  35  3:13  Probe (Chrono Boost)  
  35  3:17  Probe (Chrono Boost)  
  36  3:25  Probe (Chrono Boost)  
  36  3:26  Blink  
  37  3:27  Stalker  
  37  3:28  Probe (Chrono Boost)  
  40  3:35  Probe (Chrono Boost)  
  40  3:38  Pylon  
  40  3:40  Probe (Chrono Boost)  
  42  3:57  Probe (Chrono Boost)  
  40  4:03  Probe (Chrono Boost)  
  40  4:11  Probe (Chrono Boost)  
  40  4:14  Probe (Chrono Boost)  
  42  4:22  Probe (Chrono Boost)  
  42  4:23  Gateway x2  
  43  4:24  Probe (Chrono Boost)  
  43  4:27  Robotics Facility  
  44  4:34  Probe (Chrono Boost)  
  44  4:35  Probe (Chrono Boost)  
  44  4:37  Pylon  
  46  4:45  Probe (Chrono Boost)  
  46  4:46  Probe (Chrono Boost)  
  45  4:56  Probe (Chrono Boost)  
  45  4:58  Probe (Chrono Boost)  
  45  4:59  Stalker  
  49  5:05  Assimilator  
  49  5:07  Probe (Chrono Boost)  
  50  5:10  Gateway  
  50  5:11  Gateway x2  
  50  5:12  Pylon  
  50  5:14  Warp Prism  
  50  5:15  Pylon  
  50  5:16  Probe (Chrono Boost)  
  53  5:24  Pylon  
  53  5:28  Pylon  
  53  5:34  Pylon  
  53  5:39  Stalker x2  
  53  5:41  Stalker  
  59  5:50  Observer  
  60  6:10  Stalker x5  
  70  6:11  Stalker  
  70  6:34  Stalker x6  
  72  7:01  Stalker x4  
  79  7:04  Stalker  
  79  7:05  Stalker  
Tags
 
Add a new tag
Caveats
  • Supply blocks, unpowered buildings, or Contaminate may cause inaccurate times.
  • Supply counts are checked every 10 seconds.